 Dungeon Crawl Stone Soup version 0.23.2-33-g5129a83184 (webtiles) character file.

Game seed: 14206542382548219004

4179 funkygono the Basher (level 10, -7/86 HPs)
             Began as a Minotaur Fighter on June 29, 2019.
             Was a Believer of the Shining One.
             Mangled by Gastronok (30 damage)
             ... on level 8 of the Dungeon.
             The game lasted 00:16:44 (7099 turns).

funkygono the Basher (Minotaur Fighter)             Turns: 7099, Time: 00:16:45

Health: -7/86      AC: 12    Str: 29    XL:     10   Next: 8%
Magic:  9/9        EV:  9    Int:  5    God:    the Shining One [**....]
Gold:   622        SH: 13    Dex: 10    Spells: 9/9 levels left

rFire    . . .     SeeInvis .   A - +5 flail (curse)
rCold    . . .     Gourm    .   c - +1 shield
rNeg     + . .     Faith    .   x - +0 chain mail
rPois    .         Spirit   .   (helmet restricted)
rElec    .         Reflect  .   (no cloak)
rCorr    .         Harm     .   r - +0 pair of gloves
MR       .....                  (no boots)
Stlth    ..........             g - amulet of regeneration
HPRegen  0.64/turn              (no ring)
MPRegen  0.11/turn              (no ring)

@: mighty, slowed, glowing, very slow
A: retaliatory headbutt, horns 2
a: Divine Shield, Renounce Religion


You were on level 8 of the Dungeon.
You worshipped the Shining One.
The Shining One was pleased with you.
You were not hungry.

You visited 2 branches of the dungeon, and saw 10 of its levels.

You collected 622 gold pieces.

Inventory:

Hand Weapons
 a - a +0 flail
 i - a +3 whip
 A - a cursed +5 flail (weapon)
 C - a +0 hand crossbow
Missiles
 e - 59 sling bullets
 t - 15 bolts
Armour
 b - a +0 scale mail
 c - a +1 shield (worn)
 r - a +0 pair of gloves (worn)
 x - a +0 chain mail (worn)
Jewellery
 g - an amulet of regeneration (around neck)
Wands
 p - a wand of iceblast (13)
 w - a wand of polymorph (9)
 E - a wand of disintegration (14)
Scrolls
 n - a scroll of fog
 y - a scroll of remove curse
 D - a scroll of teleportation
 F - a scroll of blinking
Potions
 d - a potion of might
 h - a potion of flight
 j - 2 potions of curing
 k - a potion of agility {unknown}
 l - 2 potions of lignification {unknown}
 m - 3 potions of magic
 o - a potion of degeneration {unknown}
 q - a potion of cancellation {unknown}
 s - a potion of resistance {unknown}
 u - a potion of ambrosia {unknown}
 z - a potion of haste {unknown}
Comestibles
 f - 15 rations
 v - 4 chunks of flesh


   Skills:
 + Level 7.4 Fighting
 + Level 10.8 Maces & Flails
 + Level 8.1 Armour
 + Level 3.2 Dodging
 + Level 0.6 Stealth
 + Level 9.7 Shields
 + Level 0.1 Invocations


You had 9 spell levels left.
You didn't know any spells.
Your spell library contained the following spells:

 Spells                   Type           Power        Failure   Level  Hunger
 Magic Dart               Conj           #...         99%         1    ##.....
 Blink                    Tloc           N/A          100%        2    ###....
 Call Imp                 Summ           #.......     100%        2    ###....
 Slow                     Hex            #.......     100%        2    ###....
 Conjure Flame            Conj/Fire      #.......     100%        3    ####...
 Mephitic Cloud           Conj/Pois/Air  #.......     100%        3    ####...


Dungeon Overview and Level Annotations

Branches:
Dungeon (9/15)             Temple (1/1) D:7
   Lair: D:8-11         Orc: D:9-12

Altars:
Ashenzari
Cheibriados
Dithmenos
Elyvilon
Fedhas
Gozag
Hepliaklqana
Kikubaaqudgha
Makhleb
Nemelex Xobeh
Okawaru
Qazlal
Ru
Sif Muna
Trog
Uskayaw
Vehumet
Wu Jian
Xom
Yredelemnul
Zin
The Shining One

Annotations:
D:8 Gastronok


Innate Abilities, Weirdness & Mutations

You reflexively headbutt those who attack you in melee.
You have a pair of horns on your head.


Message History

Gastronok sloshes about.
Gastronok looks at you while chanting.
You feel as though you will be slow longer.
You hit Gastronok.
Gastronok is moderately wounded.
You hit Gastronok.
Gastronok is moderately wounded.
Gastronok bites you but does no damage.
You thump Gastronok!
Gastronok is moderately wounded.
Gastronok bites you!!
You thump Gastronok!
Gastronok is moderately wounded.
You feel better.
Gastronok waves his eye-stalks in wide circles.
The air twists around and strikes you!
* * * LOW HITPOINT WARNING * * *
You feel very mighty all of a sudden. Gastronok bites you!!
You die...

...#..........(....
...#.................#
####.................###
...........####+#.......
...........# .......
...........# .......
........... .......
...........#+####w......
######..........@.....#
#....(.......?...#
#................#
+................#
#........$.......#
#+#................#
........#+######+###
........# ........#


You could see Gastronok.

Vanquished Creatures
  A hippogriff (D:7)
  Grinder (D:5)
  2 orc warriors
  A phantom (D:5)
  An ice beast (D:4)
  2 black bears
  A necrophage (D:8)
  5 ogres
  5 centaurs
  2 bullfrogs (D:7)
  A wyvern skeleton (D:6)
  A water moccasin skeleton (D:6)
  2 scorpions
  5 killer bees (D:7)
  10 wights (D:6)
  A howler monkey (D:4)
  4 crimson imps
  2 orc priests
  5 hounds
  11 orc wizards
  A gnoll shaman (D:5)
  A jelly (D:8)
  4 worker ants
  A killer bee zombie (D:4)
  A hound skeleton (D:5)
  Robin (D:2)
  2 worker ant zombies
  A howler monkey zombie (D:5)
  9 gnolls
  16 adders
  2 shadow imps (D:7)
  An adder zombie (D:6)
  An adder skeleton (D:4)
  6 worms
  7 leopard geckos
  37 orcs
  A ball python (D:3)
  3 bat zombies (D:4)
  8 giant cockroaches
  22 goblins
  7 hobgoblins
  10 jackals
  4 quokkas
  11 bats
  5 frilled lizards
  10 kobolds
  A quokka skeleton (D:4)
  16 rats
  2 rat zombies (D:4)
254 creatures vanquished.

Notes
Turn   | Place    | Note
-------+----------+-------------------------------------------
     0 | D:1      | funkygono the Minotaur Fighter began the quest for the Orb.
     0 | D:1      | Reached XP level 1. HP: 19/19 MP: 0/0
    68 | D:1      | Reached XP level 2. HP: 27/27 MP: 1/1
   572 | D:1      | Reached XP level 3. HP: 33/33 MP: 2/2
  1063 | D:2      | Noticed Robin
  1068 | D:2      | Reached skill level 3 in Maces & Flails
  1099 | D:2      | Killed Robin
  1099 | D:2      | Reached XP level 4. HP: 11/40 MP: 3/3
  2448 | D:3      | Reached XP level 5. HP: 28/47 MP: 4/4
  2464 | D:3      | Found an ornate altar of the Wu Jian Council.
  2600 | D:3      | Reached skill level 5 in Shields
  2770 | D:3      | Reached skill level 4 in Maces & Flails
  2971 | D:3      | Reached skill level 1 in Dodging
  3215 | D:4      | Reached XP level 6. HP: 51/53 MP: 5/5
  3279 | D:4      | Reached skill level 5 in Maces & Flails
  3279 | D:4      | Reached skill level 5 in Armour
  3422 | D:4      | Found a shimmering altar of Xom.
  3455 | D:4      | Reached skill level 5 in Fighting
  3559 | D:4      | Noticed an ice beast
  3584 | D:4      | Killed an ice beast
  3584 | D:4      | Reached XP level 7. HP: 28/61 MP: 6/6
  3863 | D:4      | Found an ancient bone altar of Kikubaaqudgha.
  4145 | D:5      | Entered Level 5 of the Dungeon
  4193 | D:5      | Found a snail-covered altar of Cheibriados.
  4227 | D:5      | Reached skill level 6 in Maces & Flails
  4227 | D:5      | Noticed Grinder
  4256 | D:5      | Paralysed by Grinder for 2 turns
  4276 | D:5      | Killed Grinder
  4276 | D:5      | Reached XP level 8. HP: 64/70 MP: 7/7
  4349 | D:5      | Found a glowing golden altar of the Shining One.
  4354 | D:5      | Became a worshipper of the Shining One
  4563 | D:5      | Found an iron altar of Okawaru.
  4564 | D:5      | Found a basalt altar of Yredelemnul.
  4576 | D:5      | Found a stormy altar of Qazlal.
  4617 | D:5      | Reached skill level 7 in Maces & Flails
  5033 | D:6      | Reached * piety under the Shining One
  5194 | D:6      | Reached skill level 8 in Maces & Flails
  5194 | D:6      | Reached XP level 9. HP: 78/78 MP: 8/8
  5379 | D:6      | Found a sparkling altar of Nemelex Xobeh.
  5521 | D:6      | Found a bloodstained altar of Trog.
  5797 | D:6      | Reached ** piety under the Shining One
  5799 | D:6      | Reached skill level 9 in Maces & Flails
  5891 | D:6      | You fall through a shaft for 3 floors!
  6180 | D:6      | Found a deep blue altar of Sif Muna.
  6267 | D:7      | Reached skill level 10 in Maces & Flails
  6311 | D:7      | Found a deep blue altar of Sif Muna.
  6606 | D:7      | Reached XP level 10. HP: 86/86 MP: 9/9
  6743 | D:7      | Found a staircase to the Ecumenical Temple.
  6752 | Temple   | Entered the Ecumenical Temple
  7085 | D:8      | Noticed Gastronok
  7099 | D:8      | Mangled by Gastronok

Skill      XL: |  1  2  3  4  5  6  7  8  9 |
---------------+----------------------------+-----
Fighting       | 4 5 6 7 |  7.4
Shields        | 4 5 7 8 9 |  9.7
Armour         | 4 5 6 8 |  8.1
Maces & Flails | 3 4 5 6 8 10 | 10.8
Dodging        | 1 2 3 |  3.2
Stealth        | |  0.6
Invocations    | |  0.1

Action                   |  1- 3 |  4- 6 |  7- 9 | 10-12 || total
-------------------------+-------+-------+-------+-------++-------
Melee: Flail             |   124 |    35 |   117 |    25 ||   301
       Headbutt          |    14 |    35 |    75 |     5 ||   129
       Whip              |       |   177 |   287 |       ||   464
Invok: Divine Shield     |       |       |     1 |       ||     1
  Use: Scroll            |     3 |     3 |     6 |     1 ||    13
       Potion            |       |       |       |     2 ||     2
  Eat: Chunk             |     1 |     8 |    10 |     2 ||    21
Armor: Scale mail        |    99 |    66 |    55 |       ||   220
       Chain mail        |       |       |    49 |     4 ||    53
Dodge: Dodged            |    42 |    54 |    78 |     2 ||   176
Block: Shield            |    97 |   131 |   209 |    14 ||   451
